 Dungeon Crawl Stone Soup version 0.21.0 (webtiles) character file.

56414 bombasticus the Blocker (level 14, 0/88 HPs)
             Began as a Gargoyle Berserker on Jan 12, 2018.
             Was the Champion of Trog.
             Incinerated by a smoke demon (7 damage)
             ... with a sticky flame
             ... on level 2 of the Orcish Mines.
             The game lasted 01:02:20 (19608 turns).

bombasticus the Blocker (Gargoyle Berserker)       Turns: 19608, Time: 01:02:20

Health: 0/88       AC: 30    Str: 27    XL:     14   Next: 81%
Magic:  14/14      EV:  9    Int: 11    God:    Trog [******]
Gold:   1660       SH: 13    Dex: 16    Spells: 13/13 levels left

rFire    . . .     SeeInvis +   H - +4 war axe (freeze)
rCold    . . .     Gourm    .   N - +2 buckler
rNeg     + . .     Faith    .   b - +11 plate armour of Muttered Phrases {Dex+3}
rPois    ∞         Spirit   .   K - +2 helmet
rElec    +         Reflect  +   F - +2 cloak {+Inv}
rCorr    .         Harm     .   R - +1 pair of gloves
MR       +....     Rnd*Tele +   E - +0 pair of boots
Stlth    ..........             s - +3 amulet of reflection
HPRegen  0.24/turn              L - ring of Feha Byp {Int+4 Dex+4 SInv}
MPRegen  0.14/turn              T - ring of teleportation (curse)

@: liquid flames, corroded, berserk cooldown, slowed, glowing, very slow
A: big wings, negative energy resistance 1, electricity resistance, unbreathing,
petrification resistance, rot immunity, AC +10
a: Fly, Berserk, Trog's Hand, Brothers in Arms, Burn Spellbooks, Renounce
Religion, Evoke Invisibility


You were on level 2 of the Orcish Mines.
You worshipped Trog.
Trog was exalted by your worship.
You were very hungry.

You visited 3 branches of the dungeon, and saw 19 of its levels.
You also visited: Labyrinth and Volcano.

You collected 1660 gold pieces.

Inventory:

Hand Weapons
 o - a +5 antimagic demon whip
 D - a +0 shortbow
 G - a +4 scimitar of holy wrath
 H - a +4 war axe of freezing (weapon)
 S - a +2 vampiric triple sword
Missiles
 B - 7 tomahawks of returning (quivered)
Armour
 b - the +11 plate armour of Muttered Phrases (worn) {Dex+3}
   (You found it on level 5 of the Dungeon)

   It affects your dexterity (+3).
 E - a +0 pair of boots (worn)
 F - a +2 cloak of invisibility (worn)
 K - a +2 helmet (worn)
 N - a +2 buckler (worn)
 R - a +1 pair of gloves (worn)
Jewellery
 g - an uncursed ring of see invisible {unknown}
 h - a cursed ring of stealth {unknown}
 q - an uncursed ring of flight {unknown}
 s - a +3 amulet of reflection (around neck)
 L - the ring of Feha Byp (left hand) {Int+4 Dex+4 SInv}
   (You found it on level 10 of the Dungeon)

   [ring of see invisible]

   It affects your intelligence (+4).
   It affects your dexterity (+4).
   It lets you see invisible.
 T - a cursed ring of teleportation (right hand)
 V - a +4 ring of dexterity {unknown}
 W - an uncursed ring of ice {unknown}
Wands
 l - a wand of digging (12)
 t - a wand of iceblast (1)
 u - a wand of disintegration (13)
 y - a wand of enslavement (8)
 z - a wand of clouds (10)
 A - a wand of paralysis (26)
 C - a wand of flame (56)
Scrolls
 a - a scroll of vulnerability {unknown}
 d - 2 scrolls of fog {unknown}
 e - 14 scrolls of teleportation
 k - a scroll of immolation {unknown}
 n - a scroll of magic mapping {unknown}
 r - a scroll of holy word {unknown}
 w - 5 scrolls of blinking
 I - a scroll of fear {unknown}
 O - 3 scrolls of remove curse
 Q - a scroll of silence {unknown}
 X - a scroll of acquirement {unknown}
Potions
 f - 11 potions of curing
 i - a potion of haste {unknown}
 j - 2 potions of lignification
 v - a potion of heal wounds
 x - 2 potions of experience {unknown}
 M - a potion of agility
 U - a potion of berserk rage
 Y - a potion of resistance
Books
 Z - a book of Death

   Spells                             Type                      Level
   a - Corpse Rot                     Necromancy                   2
   b - Sublimation of Blood           Necromancy                   2
   c - Agony                          Necromancy                   5
   d - Dispel Undead                  Necromancy                   5
   e - Excruciating Wounds            Charms/Necromancy            5
   f - Bolt of Draining               Conjuration/Necromancy       5
   Trog disapproves of the use of such an item.
Miscellaneous
 J - a phial of floods
Comestibles
 c - 39 rations
 m - 10 chunks of flesh


   Skills:
 + Level 10.9 Fighting
 + Level 10.5 Long Blades
 + Level 12.6(12.7) Axes
 + Level 3.4(9.7) Maces & Flails
 + Level 9.3 Armour
 + Level 3.4 Dodging
 + Level 2.2 Stealth
 + Level 13.5 Shields


You had 13 spell levels left.
You didn't know any spells.

Dungeon Overview and Level Annotations

Branches:
Dungeon (11/15)            Temple (0/1) D:7            Lair (6/6) D:11
  Swamp (0/4) Lair:4        Snake (0/4) Lair:2        Slime (0/5) Lair:5
    Orc (2/2) D:11            Elf (0/3) Orc:2

Altars:
Gozag
Trog
Yredelemnul
Jiyva

Shops:
D:7 *   D:9 (   Orc:1 }

Annotations:
Lair:6 2 runed doors
Orc:2 Saint Roka


Innate Abilities, Weirdness & Mutations

You are resistant to torment.
Your stone body is resilient. (AC +10)
You are immune to poison.
Your large and strong wings let you fly indefinitely.
You resist negative energy. (rN+)
You are resistant to electric shocks. (rElec)
You can survive without breathing.
You are immune to petrification.
You are immune to rotting.


Message History

The orc priest goes into a battle-frenzy!
The orc sorcerer wildly gestures.
You feel troubled.
You hear a shout! x2
The orc wizard no longer looks unusually strong.
You block the orc priest's attack. The smoke demon gestures at you.
The sticky flame hits you!
You are covered in liquid flames!
You are covered in liquid flames!
* * * LOW HITPOINT WARNING * * *
The orc knight roars a battlecry!
An orc wizard comes into view. It is wielding a dagger.
You are covered in liquid flames!
* * * LOW HITPOINT WARNING * * *
The smoke demon gestures at you. Something smites you!
* * * LOW HITPOINT WARNING * * *
You are covered in liquid flames!
You die...

......###### .........#.##
####............#
###.#........<...##
#..$.....#........##
#####.....# #.........##
.##).......# #..^.......##
...†.)))o..#####..........#
.##.))))..)o##.#@........##
#...)))))).ooo.........##
....#.)#)(3.o34......#.##
o..#####.............###
... ##.........#..# ##.
##........##### ##
##..........##
##............###
#...##..........#


You could see an orc knight, an ice devil, 2 smoke demons, an orc sorcerer, an
orc warrior and an orc priest.

Vanquished Creatures
  Snorg (Lair:5)
  A minotaur (Lab)
  Erolcha (D:10)
  Josephine (Orc:2)
  5 hydras
  5 death yaks (Lair:6)
  2 orc high priests (Orc:2)
  2 skeletal warriors (Volcano)
  A lindwurm (Lair:6)
  An orc knight (Orc:2)
  Pikel (D:8)
  2 anaconda skeletons (Volcano)
  An ugly thing (D:11)
  An orc sorcerer (Orc:1)
  Maurice (D:8)
  5 black mambas
  3 molten gargoyles (Lair:6)
  2 torpor snails
  3 gargoyles (Volcano)
  6 spiny frogs
  3 rime drakes
  A freezing wraith (D:11)
  12 komodo dragons
  5 trolls
  A merfolk (D:9)
  10 blink frogs
  A harpy skeleton (Volcano)
  2 hornets (D:9)
  8 dream sheep
  3 flying skulls (Volcano)
  4 hippogriffs
  Sigmund (D:4)
  4 wyverns
  2 vampires
  The ghost of edsrzf the Conjurer, an amateur CeWz (D:5)
  4 wraiths
  5 basilisks
  63 yaks
  3 vampire mosquitoes (Lair:4)
  A steam dragon (Lair:4)
  2 hungry ghosts (D:11)
  Edmund (D:5)
  4 hell hounds (Lair:6)
  10 porcupines
  Duvessa (D:6)
  6 water moccasins
  4 black bears
  19 orc warriors
  A slave (D:8)
  An ice beast (D:6)
  An eye of draining (D:11)
  3 phantoms
  9 ogres
  24 wolves
  4 centaurs
  9 crocodiles
  A big kobold (D:11)
  8 bullfrogs
  A gnoll sergeant (D:4)
  Dowan (D:6)
  9 killer bees
  3 scorpions
  8 wights
  A vampire bat (D:10)
  A spriggan skeleton (Volcano)
  A howler monkey (D:10)
  4 lava snakes (Lair:6)
  4 crimson imps
  7 hounds
  2 jellies
  2 quasits
  A centaur skeleton (D:4)
  2 gnoll shamans
  15 orc priests
  16 orc wizards
  2 bullfrog skeletons
  Ijyb (D:3)
  2 iguanas
  6 worker ants
  A killer bee zombie (D:7)
  A naga skeleton (Volcano)
  21 gnolls
  A worker ant zombie (D:11)
  9 adders
  A howler monkey skeleton (D:10)
  2 shadow imps
  An ooze (D:3)
  An adder zombie (D:7)
  2 worms
  A dart slug (D:1)
  14 leopard geckos
  61 orcs
  5 ball pythons
  6 giant cockroaches
  10 goblins
  11 hobgoblins
  7 jackals
  18 kobolds
  4 quokkas
  7 bats
  7 frilled lizards
  3 jackal skeletons
  A leopard gecko zombie (D:4)
  9 rats
  A fungus (Lair:5)
  A plant (Lair:4)
582 creatures vanquished.

Vanquished Creatures (others)
  A troll (Orc:2)
  2 slaves (D:8)
  A centaur (D:10)
  A big kobold (D:8)
  An orc wizard (D:9)
  4 orcs (D:8)
  3 kobolds (D:8)
  13 fungi
  A plant (Lair:3)
27 creatures vanquished.

Grand Total: 609 creatures vanquished

Notes
Turn   | Place    | Note
-------+----------+-------------------------------------------
     0 | D:1      | bombasticus the Gargoyle Berserker began the quest for the Orb.
     0 | D:1      | Reached XP level 1. HP: 14/14 MP: 1/1
   107 | D:2      | Reached XP level 2. HP: 14/20 MP: 2/2
   158 | D:2      | HP: 1/20 [kobold (4)]
   513 | D:3      | Reached XP level 3. HP: 24/24 MP: 3/3
   589 | D:3      | Reached ** piety under Trog
   638 | D:3      | Reached XP level 4. HP: 16/29 MP: 4/4
   998 | D:4      | Reached XP level 5. HP: 28/33 MP: 5/5
  1215 | D:4      | Noticed a phantom
  1241 | D:5      | Entered Level 5 of the Dungeon
  1290 | D:5      | Noticed edsrzf's ghost (amateur CeWz)
  1298 | D:5      | Killed edsrzf's ghost
  1298 | D:5      | Reached skill level 1 in Maces & Flails
  1298 | D:5      | Reached skill level 1 in Stealth
  1298 | D:5      | Reached XP level 6. HP: 30/39 MP: 6/6
  1515 | D:5      | Got a warped plate armour
  1526 | D:5      | Identified the +11 plate armour of Muttered Phrases {Dex+3} (You found it on level 5 of the Dungeon)
  1563 | D:5      | Reached skill level 1 in Shields
  1611 | D:6      | Noticed an ice beast
  1628 | D:6      | Killed an ice beast
  1628 | D:6      | Reached XP level 7. HP: 44/44 MP: 7/7
  1632 | D:6      | Noticed Dowan
  1634 | D:6      | Noticed Duvessa
  1638 | D:6      | Noticed Edmund
  1645 | D:6      | Killed Duvessa
  1645 | D:6      | Reached skill level 5 in Long Blades
  1669 | D:5      | Killed Edmund
  1669 | D:5      | Reached skill level 2 in Shields
  1840 | D:6      | Killed Dowan
  1868 | D:6      | Reached skill level 5 in Fighting
  1922 | D:6      | Reached XP level 8. HP: 31/49 MP: 8/8
  2204 | D:7      | Reached skill level 3 in Shields
  2405 | D:8      | Reached skill level 4 in Shields
  2605 | D:8      | Noticed Pikel
  2646 | D:8      | Killed Pikel
  2646 | D:8      | Reached skill level 5 in Shields
  2646 | D:8      | Reached XP level 9. HP: 55/55 MP: 9/9
  2737 | D:8      | Reached *** piety under Trog
  2959 | D:8      | Noticed Maurice
  2962 | D:8      | Paralysed by Maurice for 5 turns
  2976 | D:8      | Killed Maurice
  2976 | D:8      | Reached skill level 5 in Armour
  3071 | D:8      | Reached skill level 6 in Shields
  3384 | D:9      | Noticed a merfolk
  3428 | D:9      | Killed a merfolk
  3613 | D:9      | Reached XP level 10. HP: 56/61 MP: 10/10
  3794 | D:9      | Reached skill level 7 in Shields
  4115 | D:9      | Found Litaaske's Weapon Shop.
  4133 | D:10     | Entered Level 10 of the Dungeon
  4176 | D:10     | Noticed Erolcha
  4188 | D:10     | Killed Erolcha
  4373 | D:10     | Got a flickering lapis lazuli ring
  4374 | D:10     | Identified the ring of Feha Byp {Int+4 Dex+4 SInv} (You found it on level 10 of the Dungeon)
  4428 | D:10     | Reached skill level 10 in Long Blades
  4447 | D:10     | Reached **** piety under Trog
  4476 | D:10     | Reached skill level 8 in Shields
  4734 | D:10     | Reached XP level 11. HP: 67/67 MP: 11/11
  5255 | D:9      | Found a basalt altar of Yredelemnul.
  5555 | D:9      | Reached skill level 9 in Shields
  5872 | D:7      | Found Zeigyeh's Assorted Antiques.
  5889 | D:7      | Found a basalt altar of Yredelemnul.
  6296 | D:7      | Found a staircase to the Ecumenical Temple.
  6710 | D:6      | Reached skill level 1 in Axes
  7343 | D:5      | Reached ***** piety under Trog
  7931 | D:4      | Noticed Sigmund
  7937 | D:4      | Killed Sigmund
  8446 | D:3      | Noticed Ijyb
  8455 | D:3      | Paralysed by Ijyb for 6 turns
  8461 | D:3      | Killed Ijyb
  8747 | D:2      | Found a bloodstained altar of Trog.
  9346 | D:1      | Received a gift from Trog
 10178 | D:11     | Noticed a cyan ugly thing
 10191 | D:11     | Killed a cyan ugly thing
 10338 | D:11     | Received a gift from Trog
 10435 | D:11     | Found a staircase to the Orcish Mines.
 10697 | D:11     | Reached skill level 5 in Axes
 11112 | D:11     | Found a staircase to the Lair.
 11153 | Orc:1    | Entered Level 1 of the Orcish Mines
 11236 | Orc:2    | Entered Level 2 of the Orcish Mines
 11236 | Orc:2    | Found a staircase to the Elven Halls.
 11244 | Orc:2    | Noticed Josephine
 11245 | Orc:2    | Reached skill level 10 in Shields
 11245 | Orc:2    | Reached XP level 12. HP: 75/75 MP: 12/12
 11252 | Orc:2    | Noticed Saint Roka
 11340 | Lair:1   | Entered Level 1 of the Lair of Beasts
 11809 | Lair:1   | Reached ****** piety under Trog
 11814 | Lair:1   | Received a gift from Trog
 12105 | Lair:2   | Reached skill level 11 in Shields
 12224 | Lair:2   | Found a staircase to the Snake Pit.
 12559 | Lair:2   | Reached XP level 13. HP: 80/80 MP: 13/13
 13207 | Lair:3   | Reached skill level 12 in Shields
 13880 | Lair:4   | Found a dark tunnel.
 13893 | Volcano  | Entered a volcano
 14008 | Volcano  | Received a gift from Trog
 14032 | Volcano  | Reached skill level 10 in Axes
 14415 | Lair:4   | Reached skill level 10 in Fighting
 14612 | Lair:4   | Found a staircase to the Swamp.
 15197 | Lair:5   | Found a labyrinth entrance.
 15247 | Lab      | Entered a labyrinth
 15799 | Lab      | Noticed a minotaur
 15814 | Lab      | Killed a minotaur
 15817 | Lab      | Got a scorched leather armour
 15823 | Lab      | Identified the Incunabulum of Creative Earth
 15888 | Lair:5   | Found a staircase to the Slime Pits.
 15888 | Lair:5   | Found a viscous altar of Jiyva.
 15947 | Lair:5   | Gained mutation: Your large and strong wings let you fly indefinitely. [Gargoyle growth]
 15947 | Lair:5   | Reached XP level 14. HP: 88/88 MP: 14/14
 16091 | Lair:5   | Noticed Snorg
 16106 | Lair:5   | Killed Snorg
 16578 | Lair:5   | Reached skill level 13 in Shields
 16892 | Lair:6   | Entered Level 6 of the Lair of Beasts
 17463 | Lair:6   | Received a gift from Trog
 17761 | Lair:6   | Found an opulent altar of Gozag.
 18283 | Lair:6   | Found a large runed door.
 18284 | Lair:6   | Found a large runed door.
 18767 | Orc:2    | Killed Josephine
 18773 | Orc:2    | Paralysed by an orc sorcerer for 4 turns
 18775 | Orc:2    | HP: 2/88 [wraith[Josephine] (6)]
 19248 | Orc:1    | Found Yneumm's Gadget Boutique.
 19459 | Orc:2    | Received a gift from Trog
 19608 | Orc:2    | Incinerated by a smoke demon

Skill      XL: |  1  2  3  4  5  6  7  8  9 10 11 12 13 14 |
---------------+-------------------------------------------+-----
Long Blades    | 3 4 5 7 8 10 | 10.5
Fighting       | 4 5 6 7 8 9 10 | 10.9
Dodging        | 2 3 |  3.4
Maces & Flails | 1 2 3 |  3.4
Stealth        | 1 2 |  2.2
Shields        | 1 2 5 6 8 10 11 12 13 | 13.5
Armour         | 3 4 5 6 7 8 9 |  9.3
Axes           | 5 8 11 12 | 12.6

Action                   |  1- 3 |  4- 6 |  7- 9 | 10-12 | 13-15 || total
-------------------------+-------+-------+-------+-------+-------++-------
Melee: Falchion          |    56 |    55 |   405 |   303 |       ||   819
       Flail             |       |    36 |       |       |       ||    36
       War axe           |       |       |       |   670 |   686 ||  1356
       Demon whip        |       |       |       |       |    22 ||    22
Invok: Berserk           |     2 |     1 |     5 |     5 |     5 ||    18
       Burn Spellbooks   |       |     1 |       |     2 |     2 ||     5
       Trog's Hand       |       |       |     1 |       |       ||     1
  Use: Scroll            |       |       |       |     1 |    17 ||    18
       Potion            |       |       |       |       |     2 ||     2
  Eat: Chunk             |       |     5 |    10 |    38 |    16 ||    69
       Ration            |       |       |     1 |       |     3 ||     4
Armor: Animal skin       |    21 |       |       |       |       ||    21
       Leather armour    |       |    15 |       |       |       ||    15
       Ring mail         |       |     8 |       |       |       ||     8
       Plate armour      |       |    19 |   221 |   482 |   544 ||  1266
Dodge: Dodged            |    42 |    31 |    66 |   214 |   241 ||   594
Block: Shield            |       |    30 |   160 |   875 |   315 ||  1380
       Reflection        |       |       |       |    11 |     7 ||    18
       Buckler           |       |       |       |       |   238 ||   238
       Rpst.: Falchion   |    16 |     3 |    15 |     8 |       ||    42
